 Dungeon Crawl Stone Soup version 0.27-a0-1193-g8631133539 (webtiles) character file.

Game seed: 15069952531520805875

422 Froggeryz the Skirmisher (level 6, -1/53 HPs)
             Began as a Demigod Wanderer on May 25, 2021.
             Slain by a hound (4 damage)
             ... on level 4 of the Dungeon.
             The game lasted 00:05:49 (5424 turns).

Froggeryz the Skirmisher (Demigod Wanderer)         Turns: 5424, Time: 00:05:50

Health: -1/53      AC:  5    Str: 23    XL:     6   Next: 36%
Magic:  8/8        EV: 11    Int: 11    God:
Gold:   181        SH:  0    Dex: 14    Spells: 5/5 levels left

rFire    + . .     SeeInvis .   g - +0 spear (venom)
rCold    . . .     Faith    .   (no shield)
rNeg     . . .     Spirit   .   q - +0 ring mail {rF+}
rPois    .         Reflect  .   (no helmet)
rElec    .         Harm     .   (no cloak)
rCorr    .         Rampage  .   (no gloves)
Will     .....                  (no boots)
Stlth    +.........             (no amulet)
HPRegen  0.17/turn              (no ring)
MPRegen  0.11/turn              (no ring)

@: no status effects
A: high mp 1, forlorn
a: no special abilities


You were on level 4 of the Dungeon.
You visited 1 branch of the dungeon, and saw 5 of its levels.

You collected 181 gold pieces.

Inventory:

Hand Weapons
 a - a +2 short sword
 g - a +0 spear of venom (weapon)
 n - a +0 hand axe
Missiles
 d - 19 poisoned darts (quivered)
Armour
 q - a +0 ring mail of fire resistance (worn)
Wands
 c - a wand of acid (7)
 h - a wand of digging (11)
Scrolls
 e - 4 scrolls of amnesia
 i - a scroll of enchant armour
 o - a scroll of summoning
 p - a scroll of teleportation
 r - a scroll of enchant weapon {unknown}
 t - a scroll of fog
Potions
 f - a potion of resistance {unknown}
 j - a potion of brilliance {unknown}
 k - a potion of magic {unknown}
 l - a potion of haste {unknown}
 m - a potion of invisibility {unknown}
 s - a potion of curing
 u - a potion of lignification


   Skills:
 - Level 4.5 Fighting
 - Level 1.7 Short Blades
 * Level 4.5 Axes
 - Level 2.2 Throwing
 - Level 3.4 Armour
 - Level 1.0 Dodging
 - Level 1.0 Unarmed Combat


You had 5 spell levels left.
You didn't know any spells.
Your spell library contained the following spells:

 Spells                   Type           Power      Damage    Failure   Level
 Magic Dart               Conj           0%         1d3       50%         1
 Searing Ray              Conj           0%         3d3       63%         2
 Dazzling Flash           Conj/Hex       0%         N/A       86%         3
 Fulminant Prism          Conj/Hex       0%         3d6       99%         4
 Iskenderun's Mystic Bla  Conj/Tloc      0%         2d3       99%         4


Dungeon Overview and Level Annotations

Branches:
Dungeon (5/15)
 Temple: D:4-7


Innate Abilities, Weirdness & Mutations

Your attributes grow dramatically as you level up.
You have an increased reservoir of magic. (+10% MP)
You shall have no god before yourself.


Message History

The phantom is severely damaged.
The phantom closely misses you.
You miss the phantom.
The phantom is severely damaged.
The phantom barely misses you.
You hit the phantom.
The phantom is severely damaged.
The phantom hits you.
The phantom blinks!
You blink.
You hit the hound.
The hound is lightly wounded.
The hound bites you. The phantom hits you. The hound bites you.
* * * LOW HITPOINT WARNING * * *
The hound closely misses you. The hound misses you.
The hound closely misses you. The hound bites you.
* * * LOW HITPOINT WARNING * * *
The hound stops to sniff the ground.
The hound bites you.
* * * LOW HITPOINT WARNING * * *
There is a stone staircase leading up here.
The hound bites you but does no damage.
You climb upwards.
There is a stone staircase leading down here.
You miss the hound. The hound barely misses you.
You hit the hound.
The hound is poisoned.
The hound is lightly wounded.
The hound closely misses you. The hound bites you but does no damage.
You hit the hound but do no damage.
The hound looks as sick as possible!
The hound is lightly wounded.
The hound bites you but does no damage.
Your ring mail prevents you from hitting the hound.
The hound is moderately wounded.
The hound bites you but does no damage. The hound bites you.
* * * LOW HITPOINT WARNING * * *
You miss the hound.
The hound is severely wounded.
The hound bites you.
You die...

#.......##...........#.
#.......##.....##....#.
#.......##.....##....#.
#.......'......##....##
#.......#......##....##
#.......##............#
#.......##............#
#.....................#
#....h@.##.....##.....#
#.......##.....##.....#
#..............'......#
#.......##....)#......#
##########.....###)####
#......##....##
#......'.....(.
##.....##....[[
########......


You could see a hound (extremely poisoned).

Vanquished Creatures
  A scorpion (D:4)
  An orc priest (D:4)
  A hound (D:4)
  An iguana (D:4)
  Ijyb (D:3)
  2 orc wizards (D:4)
  A hound skeleton (D:4)
  6 adders
  An ufetubus (D:4)
  4 worms
  10 orcs
  11 endoplasms
  5 giant cockroaches
  6 hobgoblins
  7 quokkas
  4 ball pythons
  5 bats
  3 frilled lizards
  17 goblins
  10 kobolds
  7 rats
104 creatures vanquished.

Notes
Turn   | Place    | Note
-------+----------+-------------------------------------------
     0 | D:1      | Froggeryz the Demigod Wanderer began the quest for the Orb.
     0 | D:1      | Froggeryz set off with the following items: a +2 short
                  | sword, a potion of lignification, a potion of curing, a +0
                  | robe
     0 | D:1      | Reached XP level 1. HP: 22/22 MP: 3/3
   441 | D:1      | Reached skill level 1 in Unarmed Combat
   727 | D:1      | Reached XP level 2. HP: 28/28 MP: 4/4
   771 | D:1      | You fall into a shaft and drop 1 floor!
   785 | D:2      | Reached skill level 1 in Armour
  1477 | D:2      | Reached XP level 3. HP: 34/34 MP: 5/5
  2202 | D:3      | Reached skill level 1 in Axes
  2206 | D:3      | Reached XP level 4. HP: 21/41 MP: 6/6
  2210 | D:3      | Noticed Ijyb
  2238 | D:3      | Killed Ijyb
  3722 | D:4      | Reached XP level 5. HP: 20/47 MP: 7/7
  4156 | D:4      | HP: 2/47 [something (1)]
  4527 | D:4      | Reached XP level 6. HP: 41/53 MP: 8/8
  5383 | D:5      | Entered Level 5 of the Dungeon
  5424 | D:4      | Slain by a hound

Illustrated notes

Levels and vault maps discovered:
D:1:      beargit_arrival_diablo_church, layout_basic, kennysheep_crisscross
D:2:      layout_basic
D:3:      kennysheep_the_goblin_king, layout_loops_corners,
          minmay_overflow_temple_hex, nicolae_wu_jian_wuxing_cycle,
          ebering_ecumenical_altar_box, minmay_box_of_dots
D:4:      layout_gridville
D:5:      layout_rooms, gammafunk_temple_of_torment, serial_shops, shop,
          amcnicky_mini_pool_small, uniq_pikel

Skill      XL: |  1  2  3  4  5 |
---------------+----------------+-----
Throwing       | 2 |  2.2
Unarmed Combat | 1 |  1.0
Armour         | 1 2 3 |  3.4
Axes           | 1 2 4 |  4.5
Fighting       | |  4.5
Short Blades   | |  1.7
Dodging        | |  1.0

Action                   |  1- 3 |  4- 6 || total
-------------------------+-------+-------++-------
Melee: Spear             |   108 |   232 ||   340
       Short sword       |     9 |       ||     9
       Punch             |       |     1 ||     1
  Use: Scroll            |       |     8 ||     8
       Potion            |       |     3 ||     3
Armor: Robe              |     1 |       ||     1
       Ring mail         |    24 |    53 ||    77
       Skin              |       |     4 ||     4
Dodge: Dodged            |    56 |   111 ||   167

Table legend: (Time is in decaauts)
 A = Elapsed time spent in this place.
 B = Non-inter-level travel time spent in this place.
 C = Inter-level travel time spent in this place.
 D = Time resting spent in this place.
 E = Time spent auto-exploring this place.
 F = Levels seen in this place.
 G = Mean time per level.
                   A        B        C        D        E       F      G
               +--------+--------+--------+--------+--------+-----+--------+
         Total |   5438 |   5334 |    104 |   1334 |   3219 |   5 | 1087.6 |
       Dungeon |   5438 |   5334 |    104 |   1334 |   3219 |   5 | 1087.6 |
               +--------+--------+--------+--------+--------+-----+--------+

Top non-repeatable levels by time:
     D:3: 2018 daAuts
     D:4: 1191 daAuts
     D:2: 1113 daAuts
     D:1: 1079 daAuts
     D:5: 34 daAuts
